Map: [ESL] Solaris

Players

Dolan - Winner!

  • Race: Terran Terran
  • League: Master
  • Spawn Location: 1:00

Fjant

  • Race: Zerg Zerg
  • League: Grandmaster
  • Spawn Location: 7:00

Event: HomeStory Cup XXIV

VOD

Have the link to the VOD?

Description

Time

  • Played on: Dec. 1, 2023, 9:58 a.m.
  • Length: 17:34

All games in this series

Show
View Real Time Build Order
Export as new Build Order

Dolan Terran - Winner!

Build Orders: Liberator Opening, Reaper Expand, Mech 

Get SALT Encoding   

  12  0:00  SCV  
  13  0:12  SCV  
  14  0:16  Supply Depot  
  14  0:24  SCV  
  15  0:38  SCV  
  15  0:40  Barracks  
  15  0:42  Refinery  
  16  0:50  SCV  
  16  0:52  Refinery  
  17  1:02  SCV  
  18  1:14  SCV  
  19  1:26  Orbital Command, Reaper  
  20  1:41  Command Center  
  20  1:50  Supply Depot  
  20  1:53  SCV  
  21  1:58  Marine  
  22  2:05  SCV  
  23  2:09  Factory  
  23  2:13  Refinery  
  23  2:19  SCV  
  23  2:20  Barracks Reactor  
  24  2:32  SCV  
  25  2:44  SCV  
  26  2:54  Orbital Command, Starport  
  26  2:56  SCV  
  27  3:02  Barracks Tech Lab, Hellion x2  
  31  3:08  SCV  
  32  3:16  Supply Depot  
  32  3:21  SCV x2  
  32  3:25  Hellion x2  
  38  3:35  SCV x2  
  39  3:47  Hellion x2, SCV  
  39  3:48  SCV  
  45  3:49  Liberator  
  48  3:55  Armory  
  48  4:06  SCV x2  
  48  4:08  Hellion x2  
  54  4:13  Supply Depot  
  54  4:19  Barracks Tech Lab  
  54  4:31  Command Center  
  54  4:35  SCV x2  
  56  4:42  Refinery  
  56  4:43  Refinery  
  56  4:45  Supply Depot  
  56  4:47  SCV x2  
  58  4:52  Factory  
  58  4:53  Factory  
  58  4:55  Starport Reactor  
  58  4:58  Hellion x2  
  62  5:07  Hellion x8, SCV x2  
  64  5:18  Terran Vehicle Weapons Level 1  
  64  5:19  SCV x2  
  65  5:31  SCV x2  
  67  5:36  Hellion  
  69  5:43  SCV  
  69  5:49  Infernal Pre-Igniter  
  70  5:50  Thor x2, SCV  
  70  5:51  Hellion, Command Center  
  85  5:59  SCV  
  86  6:08  Supply Depot  
  86  6:10  SCV, Medivac x2  
  86  6:11  Hellion  
  93  6:13  SCV  
  94  6:21  Hellion  
  94  6:23  SCV  
  89  6:32  Hellion  
  89  6:33  Hellion  
  77  6:44  Command Center  
  75  6:56  SCV x2  
  77  7:02  Hellion x2  
  81  7:09  Siege Tank x2  
  81  7:12  SCV x2  
  89  7:23  Hellion x2  
  89  7:24  SCV x2  
  95  7:36  SCV x2  
  82  7:48  SCV x2  
  83  7:55  Command Center  
  83  7:56  Siege Tank, Hellion  
  88  8:00  SCV x2  
  88  8:12  Siege Tank, Terran Vehicle Weapons Level 2, SCV x2  
  87  8:24  SCV x2  
  87  8:25  Supply Depot  
  89  8:28  Siege Tank  
  89  8:30  Hellion x2  
  96  8:36  SCV  
  96  8:37  SCV  
  96  8:38  Liberator  
  101  8:43  Supply Depot  
  101  8:46  Liberator, Supply Depot, Engineering Bay  
  101  8:48  Hellion  
  104  8:49  Siege Tank, SCV  
  108  9:00  SCV  
  108  9:01  SCV  
  108  9:12  SCV  
  108  9:13  Siege Tank, Hellion, SCV  
  108  9:14  Orbital Command, Hellion  
  117  9:21  Siege Tank  
  120  9:37  SCV x2  
  122  9:39  Factory  
  122  9:40  Factory  
  122  9:49  SCV x2  
  124  9:57  Refinery  
  124  9:58  Refinery  
  122  10:03  Orbital Command  
  113  10:08  Siege Tank x2, Hellion x2  
  113  10:09  SCV  
  113  10:10  SCV  
  104  10:22  SCV x2  
  104  10:25  Factory Tech Lab  
  104  10:26  Factory Reactor  
  106  10:29  Viking x2, Terran Vehicle And Ship Armor Level 1, Refinery  
  106  10:32  Refinery  
  106  10:33  Thor  
  106  10:34  SCV x2  
  112  10:43  Supply Depot  
  112  10:46  SCV x2  
  114  10:51  Siege Tank, Hellion x2  
  114  10:52  Sensor Tower  
  114  10:53  Siege Tank  
  124  11:08  SCV x3  
  124  11:11  Cyclone x2, Command Center  
  131  11:26  Cyclone x2  
  131  11:27  Thor  
  131  11:30  Missile Turret  
  131  11:31  Siege Tank  
  144  11:33  Missile Turret  
  140  11:49  Siege Tank  
  140  11:50  Hellion x2  
  144  12:00  Hellion x2  
  148  12:03  Siege Tank  
  148  12:04  Viking  
  148  12:05  Viking  
  148  12:07  Supply Depot  
  148  12:08  Supply Depot  
  155  12:14  Hellion  
  157  12:18  Siege Tank  
  157  12:19  Hellion, Supply Depot  
  157  12:20  Supply Depot  
  162  12:29  Siege Tank  
  169  12:30  Hellion x2  
  165  12:45  Siege Tank  
  165  12:46  Hellion x2  
  165  12:51  SCV x3, Terran Vehicle Weapons Level 3  
  171  12:53  Armory  
  169  12:59  Siege Tank  
  169  13:00  Hellion x2  
  169  13:03  Planetary Fortress  
  169  13:04  SCV x2  
  176  13:25  Siege Tank, Sensor Tower  
  176  13:26  Siege Tank  
  183  13:27  Hellion  
  183  13:29  Hurricane Engines  
  181  13:37  Refinery x2  
  181  13:38  SCV  
  156  14:10  Siege Tank  
  156  14:11  Hellion x2, Siege Tank x2, Cyclone x2  
  156  14:14  SCV x3  
  165  14:25  Terran Vehicle And Ship Armor Level 2  
  165  14:34  Cyclone, Hellion x3  
  165  14:35  SCV  
  168  14:39  SCV x2  
  168  14:42  SCV  
  168  14:43  Siege Tank  
  174  15:04  Siege Tank, Cyclone x2  
  174  15:05  Hellion, SCV x2  
  174  15:06  SCV  
  184  15:14  Missile Turret  
  184  15:15  SCV  
  184  15:17  SCV x2  
  185  15:35  Siege Tank x2  
  185  15:36  Cyclone x2  
  186  15:56  Siege Tank, Cyclone x2  
  193  16:07  Siege Tank  
  196  16:18  SCV x2  
  196  16:20  Siege Tank  
  196  16:24  Command Center  
  195  16:31  Siege Tank  
  194  16:41  SCV x2  
  194  16:42  Factory  
  194  16:43  Factory  
  194  16:46  Factory  
  194  16:49  Siege Tank  
  194  16:51  Cyclone  
  195  16:59  Cyclone x2  
Show
View Real Time Build Order
Export as new Build Order

Fjant Zerg 

Build Orders: Hatch First 

Get SALT Encoding   

  12  0:01  Drone  
  13  0:14  Overlord  
  13  0:18  Drone  
  14  0:32  Drone x2  
  16  0:48  Hatchery  
  15  0:52  Drone  
  15  0:55  Drone  
  17  0:57  Drone  
  18  1:08  Extractor  
  17  1:13  Spawning Pool  
  17  1:15  Drone  
  17  1:19  Drone  
  18  1:29  Drone  
  19  1:45  Drone  
  20  1:51  Drone  
  21  2:00  Queen x2  
  26  2:01  Zergling x2  
  26  2:02  Zergling x2  
  27  2:11  Overlord  
  27  2:13  Drone  
  28  2:21  Hatchery  
  26  2:32  Spore Crawler  
  26  2:36  Drone x2  
  27  2:38  Metabolic Boost  
  27  2:41  Drone x2  
  29  2:51  Drone  
  29  2:52  Drone  
  29  2:53  Queen  
  29  2:57  Overlord  
  33  3:01  Drone  
  33  3:05  Drone  
  35  3:14  Overlord  
  35  3:15  Drone, Queen  
  35  3:17  Drone  
  39  3:22  Drone x2  
  42  3:27  Zergling x4  
  43  3:43  Overlord  
  43  3:47  Drone  
  43  3:48  Queen  
  46  3:49  Queen  
  46  3:51  Drone  
  46  3:52  Overlord  
  46  3:53  Overlord  
  49  4:03  Drone x7  
  49  4:06  Overlord  
  56  4:13  Queen  
  56  4:15  Drone x2  
  60  4:21  Drone x4  
  63  4:24  Zergling x4  
  65  4:31  Drone x5  
  65  4:33  Zergling x2  
  65  4:34  Zergling x2  
  65  4:37  Zergling x4  
  74  4:40  Queen  
  76  4:45  Spore Crawler x2  
  76  4:46  Zergling x2  
  75  4:53  Zergling x6  
  78  5:00  Zergling x6  
  79  5:11  Spore Crawler  
  75  5:16  Zergling x12  
  80  5:32  Zergling x6  
  80  5:37  Zergling x4  
  80  5:44  Drone x2  
  80  5:45  Overlord  
  80  5:47  Lair  
  80  5:49  Roach Warren  
  78  5:51  Overlord  
  78  5:53  Overlord  
  78  6:01  Zergling x8  
  82  6:06  Overlord  
  82  6:09  Drone x2  
  82  6:10  Drone  
  85  6:13  Zergling x8, Extractor  
  85  6:15  Extractor  
  55  6:42  Roach x9  
  68  6:48  Zergling x10  
  73  6:56  Drone  
  73  6:57  Drone x3  
  73  7:00  Drone  
  78  7:05  Drone  
  78  7:07  Drone x2  
  81  7:08  Zergling x4, Hatchery  
  82  7:16  Zergling x2  
  82  7:17  Zergling x2  
  82  7:20  Overlord  
  82  7:21  Drone  
  85  7:24  Glial Reconstitution, Overlord  
  85  7:27  Roach x2  
  81  7:40  Roach x2  
  82  7:57  Drone x2  
  82  8:00  Zergling x10  
  82  8:05  Overlord  
  82  8:06  Zergling x6  
  82  8:12  Roach x2  
  89  8:18  Roach  
  91  8:21  Drone x6  
  97  8:30  Roach x3  
  103  8:39  Zergling x2, Ravager x2  
  103  8:40  Zergling x4  
  106  8:43  Extractor  
  106  8:44  Zergling x4, Queen x2  
  106  8:46  Queen  
  113  8:49  Ravager  
  113  8:52  Zergling x12  
  120  8:55  Drone  
  119  9:05  Drone x4  
  119  9:09  Extractor  
  116  9:12  Drone  
  116  9:13  Drone, Overseer  
  118  9:18  Drone x5  
  118  9:21  Spire  
  118  9:23  Extractor  
  118  9:24  Drone x2  
  121  9:25  Extractor x2, Drone  
  121  9:27  Drone  
  123  9:31  Drone x3  
  123  9:33  Drone  
  123  9:34  Drone  
  123  9:37  Drone  
  127  9:39  Drone  
  128  9:47  Overlord  
  128  9:53  Spore Crawler  
  128  9:55  Drone  
  119  10:07  Roach  
  119  10:08  Roach x7  
  127  10:14  Overlord  
  127  10:19  Overlord  
  107  10:25  Drone x3  
  107  10:33  Mutalisk x9  
  125  10:35  Ravager  
  125  10:38  Zergling x2  
  127  10:45  Ravager  
  127  10:46  Zergling x8  
  132  10:50  Ravager  
  132  10:52  Roach  
  132  10:53  Roach x3  
  132  10:55  Drone x6  
  147  11:01  Zergling x4  
  149  11:05  Roach  
  151  11:17  Overlord  
  151  11:18  Overlord  
  149  11:19  Roach x2  
  149  11:20  Drone  
  149  11:21  Drone  
  149  11:23  Overlord  
  151  11:26  Overlord  
  151  11:30  Overlord  
  151  11:32  Zerg Flyer Weapons Level 1  
  151  11:37  Overlord  
  151  11:42  Drone x4  
  155  11:51  Ravager x8  
  153  12:03  Drone x2  
  153  12:04  Drone  
  153  12:07  Mutalisk x4  
  162  12:11  Drone  
  162  12:12  Drone x2  
  162  12:15  Drone x3  
  168  12:16  Drone  
  169  12:26  Infestation Pit  
  169  12:27  Zergling x10  
  167  12:37  Drone x7  
  167  12:43  Drone  
  170  12:50  Drone x8  
  178  13:02  Hatchery  
  177  13:13  Overlord x2  
  177  13:15  Drone x3  
  177  13:17  Zergling x14  
  187  13:21  Drone  
  188  13:32  Hive  
  188  13:33  Neural Parasite  
  188  13:34  Burrow  
  188  13:37  Drone x2  
  188  13:39  Infestor x4  
  198  13:49  Overseer x2  
  194  14:05  Drone  
  180  14:11  Overseer, Infestor x7  
  192  14:20  Drone  
  193  14:27  Overlord  
  193  14:29  Drone, Evolution Chamber  
  193  14:30  Evolution Chamber  
  190  14:34  Drone  
  190  14:36  Unknown, Drone x2  
  190  14:37  Drone  
  193  14:52  Zergling x14  
  200  14:57  Zerg Melee Weapons Level 1, Zerg Missile Weapons Level 1  
  200  15:00  Greater Spire  
  200  15:01  Baneling Nest  
  175  15:34  Drone x2  
  175  15:35  Drone  
  167  15:38  Zergling x32  
  181  15:49  Zergling x6  
  163  16:02  Drone  
  143  16:05  Roach x2  
  143  16:06  Drone x6  
  143  16:11  Corruptor x3  
  152  16:14  Corruptor  
  152  16:16  Corruptor  
  160  16:18  Corruptor  
  155  16:26  Corruptor x3  
  157  16:43  Brood Lord x3  
  157  16:46  Brood Lord  
  157  16:47  Overlord  
  157  16:49  Roach x3  
  157  16:51  Zergling x16  
  166  16:57  Brood Lord x4  
  172  17:02  Corruptor x2  
Tags
 
Add a new tag
Caveats
  • Supply blocks, unpowered buildings, or Contaminate may cause inaccurate times.
  • Supply counts are checked every 10 seconds.